 Dungeon Crawl Stone Soup version 0.19.0-16-g73b5abf (console) character file.

6153 Morrissey the Thaumaturge (level 10, -14/84 HPs)
             Began as a Purple Draconian Conjurer on Nov 10, 2016.
             Was an Initiate of Vehumet.
             Demolished by a death knight
             ... wielding a +0 halberd
              (25 damage)
             ... on level 9 of the Dungeon on Nov 11, 2016.
             The game lasted 00:33:11 (13275 turns).

Morrissey the Thaumaturge (DrCj)                   Turns: 13275, Time: 00:33:12

Health: -14/84     AC: 11    Str: 12    XL:     10   Next: 59%
Magic:  8/24       EV: 13    Int: 19    God:    Vehumet [......]
Gold:   120        SH:  0    Dex: 10    Spells: 4 memorised, 17 levels left

rFire  + . .     SeeInvis +     a - +1 dagger (venom)
rCold  . . .     Gourm    .     (armour unavailable)
rNeg   . . .     Faith    .     (no shield)
rPois  +         Spirit   .     (helmet restricted)
rElec  .         Reflect  .     k - +0 cloak
rCorr  .         Harm     .     p - +0 pair of gloves
MR     +....                    s - +1 pair of boots
Stlth  ++........               (no amulet)
                                z - ring of protection from fire
                                j - ring of poison resistance

@: about to teleport
A: breathe power, unfitting armour, see invisible, clumsy 1, strong 1, evolution
1, cold-blooded, subdued magic 1, AC +7
a: Breathe Dispelling Energy, Renounce Religion


You were on level 9 of the Dungeon.
You worshipped Vehumet.
Vehumet was noncommittal.
You were hungry.

You visited 2 branches of the dungeon, and saw 10 of its levels.

You collected 505 gold pieces.
You spent 385 gold pieces at shops.

Inventory:

Hand Weapons
 a - a +1 dagger of venom (weapon)
 b - a +1 dagger of holy wrath
 E - the +3 mace of Kismet {freeze, rN+}
   (You took it off an orc on level 9 of the Dungeon)

   It has been specially enchanted to freeze those struck by it, causing extra
   injury to most foes and up to half again as much damage against particularly
   susceptible opponents.
   It can also slow down cold-blooded creatures.
   It protects you from negative energy.
Armour
 k - a +0 cloak (worn)
 p - a +0 pair of gloves (worn)
 s - a +1 pair of boots (worn)
Jewellery
 c - a -3 ring of intelligence
 j - a ring of poison resistance (left hand)
 m - a +3 ring of evasion
 z - a ring of protection from fire (right hand)
Wands
 y - a wand of digging (14/24)
 A - a wand of lightning (9/15)
 D - a wand of enslavement (17/24)
Scrolls
 d - 3 scrolls of enchant armour
 e - 5 scrolls of remove curse
 h - 2 scrolls of amnesia
 i - a scroll of fog
 l - a scroll of teleportation
 n - a scroll of identify
 o - 2 scrolls of magic mapping
 x - a scroll of enchant weapon
Potions
 u - 2 potions of might
 B - a potion of curing
Books
 t - a book of Conjurations

   Spells                             Type                      Level
   a - Magic Dart                     Conjuration                  1
   b - Searing Ray                    Conjuration                  2
   c - Dazzling Spray                 Conjuration/Hexes            3
   d - Fulminant Prism                Conjuration/Hexes            4
   e - Iskenderun's Mystic Blast      Conjuration                  4
   f - Iskenderun's Battlesphere      Conjuration/Charms           5
Comestibles
 f - 14 bread rations
 q - 9 meat rations
 v - 5 fruits
 C - 7 beef jerkies


   Skills:
 + Level 6.6 Fighting
 + Level 2.1 Short Blades
 - Level 3.1 Dodging
 - Level 1.7 Stealth
 * Level 10.3 Spellcasting
 * Level 10.3 Conjurations
 + Level 6.1 Charms


You had 17 spell levels left.
You knew the following spells:

 Your Spells              Type           Power        Failure   Level  Hunger
a - Magic Dart            Conj           ####         1%          1    None
b - Searing Ray           Conj           #####.       1%          2    None
c - Iskenderun's Mystic   Conj           #####...     1%          4    ##.....
d - Iskenderun's Battles  Conj/Chrm      ####....     8%          5    #####..


Dungeon Overview and Level Annotations

Branches:
Dungeon (9/15)             Temple (1/1) D:5
   Lair: D:8-11         Orc: D:9-12

Altars:
Ashenzari
Cheibriados
Dithmenos
Elyvilon
Fedhas
Gozag
Kikubaaqudgha
Makhleb
Nemelex Xobeh
Okawaru
Qazlal
Ru
Sif Muna
Trog
Uskayaw
Vehumet
Xom
Yredelemnul
Zin
The Shining One

Shops:
D:4 (   D:5 !   D:8 [   D:9 *

Annotations:
D:4 exclusion: downstairs
D:6 exclusion: downstairs
D:8 exclusion: downstairs


Innate Abilities, Weirdness & Mutations

You can breathe bolts of dispelling energy.
Your rich purple scales are hard. (AC +7)
You cannot fit into any form of body armour.
You are cold-blooded and may be slowed by cold attacks.
You have supernaturally acute eyesight. (SInv)
You are clumsy. (Dex -2)
Your muscles are strong. (Str +2)
You evolve.
Your spells are a little easier to cast, but a little less powerful.


Message History

Confirm with . or Enter, or press ? or * to list all spells.
Aiming: Iskenderun's Mystic Blast
Press: ? - help, Shift-Dir - straight line, f/p - death knight
Aim: a death knight, wielding a halberd and wearing a chain mail (lightly wounded, fast)
The orb of energy hits the death knight.
The death knight is lightly wounded.
The orb of energy explodes!
* * * LOW MAGIC WARNING * * *
Your battlesphere fires!
The barrage of energy hits the death knight.
The death knight is lightly wounded.
The death knight hits you from afar with a halberd!!
* * * LOW HITPOINT WARNING * * *
The death knight hits you from afar with a halberd!!
* * * LOW HITPOINT WARNING * * *
The death knight barely misses you.
As you read the scroll of teleportation, it crumbles to dust.
You feel strangely unstable.
The death knight hits you from afar with a halberd!!
You die...

########### ## #.........# #.
#.........# #. #.........# #.
#.........#### #.
##............# #. #
##.............# #.
#.#######.....@*p......#######.
#...........####...............
#........#..#...............
#.....##+#..#.*...#####.....
#.....#.....#.....#...#.....
#....##>....'.....#...#.....
#....#......#.....'(.<#.....
###..#......#.....#...#.....
#..#......#.....#...#.....


You could see a death knight and a friendly battlesphere.

Vanquished Creatures
  A deep elf mage (D:7)
  2 trolls
  Prince Ribbit (D:7)
  Grinder (D:4)
  A hippogriff (D:8)
  A wyvern (D:8)
  A steam dragon (D:9)
  8 orc warriors
  A sky beast (D:7)
  2 ice beasts
  A black bear (D:7)
  6 ogres
  2 phantoms
  A centaur (D:9)
  8 bullfrogs
  3 scorpions
  4 killer bees (D:7)
  2 bullfrog zombies
  5 crimson imps
  2 quasits
  2 centaur skeletons
  3 hounds (D:8)
  5 orc priests
  18 orc wizards
  6 iguanas
  7 worker ants
  A hound zombie (D:5)
  A hound skeleton (D:6)
  2 worker ant zombies
  6 gnolls
  A howler monkey skeleton (D:8)
  9 adders
  2 shadow imps
  3 adder zombies
  2 adder skeletons
  3 worms
  2 dart slugs
  5 leopard geckos
  50 orcs
  11 bats
  6 giant cockroaches
  7 goblins
  6 hobgoblins
  7 jackals
  5 quokkas
  4 frilled lizards
  A jackal zombie (D:5)
  5 kobolds
  A quokka zombie (D:5)
  26 rats
260 creatures vanquished.

Notes
Turn   | Place    | Note
-------+----------+-------------------------------------------
     0 | D:1      | Morrissey the Draconian Conjurer began the quest for the Orb.
     0 | D:1      | Reached XP level 1. HP: 14/14 MP: 3/3
   290 | D:1      | Reached XP level 2. HP: 20/20 MP: 3/5
   483 | D:1      | Learned a level 2 spell: Searing Ray
  1294 | D:2      | Reached XP level 3. HP: 27/27 MP: 3/6
  2199 | D:2      | Reached XP level 4. HP: 33/34 MP: 1/8
  2284 | D:2      | Found a sparkling altar of Nemelex Xobeh.
  2579 | D:3      | Learned a level 4 spell: Iskenderun's Mystic Blast
  2916 | D:3      | Reached skill level 5 in Conjurations
  2960 | D:3      | Reached skill level 1 in Fighting
  3242 | D:3      | Found a bloodstained altar of Trog.
  3499 | D:4      | Reached XP level 5. HP: 29/40 MP: 1/9
  3838 | D:4      | Noticed Grinder
  3856 | D:4      | Gained mutation: You have supernaturally acute eyesight. (SInv) [potion of mutation]
  3856 | D:4      | Gained mutation: Your spells are a little easier to cast, but a little less powerful. [potion of mutation]
  3856 | D:4      | Gained mutation: You evolve. [potion of mutation]
  3859 | D:4      | Paralysed by Grinder for 5 turns
  3872 | D:4      | Paralysed by Grinder for 4 turns
  3878 | D:4      | Killed Grinder
  3878 | D:4      | Reached XP level 6. HP: 49/49 MP: 4/11
  3940 | D:4      | Learned a level 5 spell: Iskenderun's Battlesphere
  4101 | D:4      | Your scales start taking on a rich purple colour.
  4101 | D:4      | Reached skill level 5 in Spellcasting
  4101 | D:4      | Reached skill level 1 in Charms
  4101 | D:4      | Reached XP level 7. HP: 56/56 MP: 8/14
  4421 | D:4      | Found a glowing silver altar of Zin.
  4421 | D:4      | Found a glowing golden altar of the Shining One.
  4472 | D:4      | Found a white marble altar of Elyvilon.
  4776 | D:4      | Found an iron altar of Okawaru.
  5006 | D:4      | Found Jihairch's Antique Weapon Shop.
  5291 | D:5      | Entered Level 5 of the Dungeon
  5557 | D:5      | Reached XP level 8. HP: 62/63 MP: 9/17
  5980 | D:5      | Found a sparkling altar of Nemelex Xobeh.
  6066 | D:5      | Found a staircase to the Ecumenical Temple.
  6145 | Temple   | Entered the Ecumenical Temple
  6925 | D:5      | Found Vitem's Distillery.
  8092 | D:6      | Reached XP level 9. HP: 65/72 MP: 14/20
  8882 | D:7      | Found an ancient bone altar of Kikubaaqudgha.
  8955 | D:7      | Found a shimmering altar of Xom.
  9041 | D:7      | Noticed Prince Ribbit
  9046 | D:7      | Killed Prince Ribbit
  9046 | D:7      | Reached skill level 5 in Fighting
  9485 | D:7      | Noticed a troll
  9490 | D:7      | Killed a troll
  9632 | D:7      | Noticed a deep elf mage
  9634 | D:7      | Killed a deep elf mage
  9634 | D:7      | Reached skill level 5 in Charms
 10231 | D:7      | Gained mutation: You are clumsy. (Dex -2) [evolution]
 10240 | D:8      | Reached XP level 10. HP: 83/83 MP: 23/23
 10292 | D:5      | Bought a potion of beneficial mutation for 385 gold pieces
 10292 | D:5      | Gained mutation: Your muscles are strong. (Str +2) [potion of beneficial mutation]
 10648 | D:8      | Found Xanakor's Armour Shop.
 10922 | D:8      | Reached skill level 1 in Short Blades
 11975 | D:8      | Reached skill level 10 in Conjurations
 12360 | D:9      | Reached skill level 10 in Spellcasting
 12800 | D:9      | Found a radiant altar of Vehumet.
 12801 | D:9      | Found a snail-covered altar of Cheibriados.
 12820 | D:9      | Found a shattered altar of Ashenzari.
 12823 | D:9      | Got a crystal mace {freeze}
 12824 | D:9      | Identified the cursed +3 mace of Kismet {freeze, rN+} (You took it off an orc on level 9 of the Dungeon)
 12836 | D:9      | Became a worshipper of Vehumet
 12875 | D:9      | Noticed a death knight
 13108 | D:9      | Found Lott's Assorted Antiques.
 13275 | D:9      | Demolished by a death knight

Skill      XL: |  1  2  3  4  5  6  7  8  9 10 |
---------------+-------------------------------+-----
Dodging        | 2 3 |  3.1
Conjurations   | 5 6 8 9 10 | 10.3
Spellcasting   | 3 5 6 7 9 10 | 10.3
Fighting       | 1 2 3 4 5 6 |  6.6
Charms         | 1 2 3 5 6 |  6.1
Short Blades   | 2 |  2.1
Stealth        | |  1.7

Action                   |  1- 3 |  4- 6 |  7- 9 | 10-12 || total
-------------------------+-------+-------+-------+-------++-------
Melee: Unarmed           |    63 |    54 |    84 |       ||   201
       Tailslap          |     3 |     7 |    18 |     9 ||    37
       Dagger            |       |       |   121 |   165 ||   286
 Cast: Magic Dart        |    91 |    50 |   284 |    95 ||   520
       Searing Ray       |     1 |    17 |    27 |    13 ||    58
       Iskenderun's Myst |       |       |    10 |    21 ||    31
       Iskenderun's Batt |       |       |     5 |     2 ||     7
  Use: Potion            |       |     5 |     4 |     1 ||    10
       Scroll            |       |       |       |    13 ||    13
 Stab: Sleeping          |       |       |     4 |       ||     4
  Eat: Chunk             |     5 |     6 |    16 |    11 ||    38
       Meat ration       |       |       |     1 |       ||     1
       Pizza             |       |       |     1 |       ||     1
Armor: Skin              |    41 |    31 |   104 |    59 ||   235
Dodge: Dodged            |    80 |    57 |   254 |   139 ||   530
